 Dungeon Crawl Stone Soup version 0.28-b1-25-g9875b3fc8c (webtiles) character file.

Game seed: 12871029854765962574

216 dorian the Scratcher (level 5, -10/22 HPs)
             Began as a Felid Transmuter on Feb 5, 2022.
             Killed from afar by an acid dragon (15 damage)
             ... with a splash of acid
             ... on level 5 of the Dungeon.
             The game lasted 00:13:17 (6267 turns).

dorian the Scratcher (Felid Transmuter)             Turns: 6267, Time: 00:13:17

Health: -10/22     AC:  2    Str:  6    XL:     5   Next: 61%
Magic:  9/9        EV: 17    Int: 16    God:
Gold:   232        SH:  0    Dex: 19    Spells: 5/8 levels left
                                        Lives:  0   Deaths: 1

rFire   . . .      SeeInvis +     - Unarmed
rCold   . . .      Faith    .   (shield unavailable)
rNeg    . . .      Spirit   .   (armour unavailable)
rPois   .          Reflect  .   (helmet unavailable)
rElec   .          Harm     .   (cloak unavailable)
rCorr   +          Rampage  .   (gloves unavailable)
Will    .....                   (boots unavailable)
Stlth   ++........              a - amulet of the Magpie {Acrobat Dex+2}
HPRegen 0.07/turn               f - ring of resist corrosion
MPRegen 0.11/turn               (no ring)

@: appendages (expiring), quick
A: horns 2, very small, claws 1, fangs 3, see invisible, speed 1, shaggy fur 2,
stealthy paws, no weapons or thrown items, no armour, multi-lived
a: End Transformation


You were on level 5 of the Dungeon.
You had temporarily grown beastly horns.
You visited 1 branch of the dungeon, and saw 5 of its levels.

You collected 232 gold pieces.

Inventory:

Jewellery
 a - the amulet of the Magpie (around neck) {Acrobat Dex+2}
   (You acquired it on level 1 of the Dungeon)

   [amulet of the acrobat]

   It increases your evasion while moving and waiting.
   Dex:       It affects your dexterity (+2).
 f - a ring of resist corrosion (left paw)
 i - an amulet of magic regeneration
Scrolls
 b - a scroll of blinking {unknown}
 c - 5 scrolls of identify
Potions
 d - 2 potions of haste
 e - a potion of attraction
 g - a potion of curing
 h - a potion of brilliance


   Skills:
 - Level 1.0 Fighting
 - Level 2.6 Dodging
 + Level 7.6 Unarmed Combat
 - Level 2.0 Spellcasting
 - Level 2.1 Transmutations


You had 5 spell levels left.
You knew the following spells:

 Your Spells              Type           Power      Damage    Failure   Level
a - Beastly Appendage     Tmut           16%        N/A       9%          1
b - Wereblood             Tmut           8%         N/A       13%         2

Your spell library contained the following spells:

 Spells                   Type           Power      Damage    Failure   Level
 Spider Form              Tmut/Pois      5%         N/A       36%         3
 Gell's Gravitas          Tloc           1%         N/A       52%         3
 Lesser Beckoning         Tloc           1%         N/A       52%         3
 Teleport Other           Tloc           1%         N/A       52%         3
 Ice Form                 Ice/Tmut       5%         N/A       78%         4
 Blade Hands              Tmut           4%         N/A       93%         5
 Malign Gateway           Summ/Tloc      0%         N/A       100%        7
 Summon Horrible Things   Summ           0%         N/A       100%        8
 Portal Projectile        Hex/Tloc       Unusable   N/A       N/A         3
 Excruciating Wounds      Necr           Unusable   N/A       N/A         5

Dungeon Overview and Level Annotations

Branches:
Dungeon (5/15)
 Temple: D:4-7

Altars:
Yredelemnul

Annotations:
D:4 Grinder


Innate Abilities, Weirdness & Mutations

You have temporarily grown beastly horns.
You have sharp claws.
You have razor-sharp teeth.
You have supernaturally acute eyesight. (SInv)
You cover ground quickly. (Speed+)
You are covered in thick fur. (AC +2)
Your paws help you pounce on unaware monsters.
You are incapable of wielding weapons or throwing items.
You cannot wear armour.
You gain extra lives every three experience levels.


Message History

There is an open door here.
You see here a +0 club.
There is an open door here.
There is a stone staircase leading down here.
You climb downwards.
There is a stone staircase leading up here.
Things that are here:
a +0 robe; a +0 dagger The acid dragon spits acid at you.
The splash of acid misses you.
Casting: Beastly Appendage (safe; 9% risk of failure)
Confirm with . or Enter, or press ? or * to list all spells.
You grow a pair of large bovine horns.
The acid dragon spits acid at you. The splash of acid misses you.
Your transformation is almost over.
You scratch the acid dragon but do no damage.
The acid dragon barely misses you. The acid dragon claws you.
You closely miss the acid dragon. The acid dragon spits acid at you.
The splash of acid hits you! You resist.
You claw the acid dragon! Your headbutt misses the acid dragon.
Your claw misses the acid dragon.
The acid dragon is moderately wounded.
The acid dragon bites you. The acid dragon claws you.
You scratch the acid dragon but do no damage.
You bite the acid dragon, but do no damage.
The acid dragon is moderately wounded.
The acid dragon barely misses you. The acid dragon closely misses you.
You scratch the acid dragon. You headbutt the acid dragon.
Your bite misses the acid dragon.
The acid dragon is severely wounded.
The acid dragon completely misses you. The acid dragon claws you.
* * * LOW HITPOINT WARNING * * *
You scratch the acid dragon.
The acid dragon is severely wounded.
The acid dragon spits acid at you. The splash of acid hits you! You resist.
Ouch! That really hurt!
You die...

#.#.#...........................
#.#....D.....##..#######.#######
.....o..............#.......#####
#.........<..#...##.#.##.##......
#.........##.#..>...#.##.########
+.........+....#.##.#.##.####
#.........##.#.#..#.#.##....#
############.#.#D.#.#.#####.# #
#.#.#@.#.#.#...#.##### #
#.#.#..#.#.##..#.....# #
#.#.#..#.#.##..#####.# #
#.#......#.....# #.# #
#...#.[#######.#####.# #
###.#................# #
#.##.#.......####### #
#.#.#.#.#.#.## # #...........<#


You could see an acid dragon (catching breath).

Vanquished Creatures
  A black bear (D:4)
  A hound (D:5)
  A jelly (D:3)
  Crazy Yiuf (D:3)
  An orc priest (D:4)
  Jessica (D:3)
  An orc wizard (D:5)
  An iguana (D:4)
  3 adders
  A gnoll (D:2)
  2 ufetubi
  An adder skeleton (D:4)
  A worm (D:4)
  3 dart slugs
  5 orcs
  8 endoplasms
  6 giant cockroaches
  9 goblins
  5 hobgoblins
  A jackal (D:2)
  8 kobolds
  2 quokkas (D:1)
  6 ball pythons
  4 bats
  2 frilled lizards
  5 rats
80 creatures vanquished.

Notes
Turn   | Place    | Note
-------+----------+-------------------------------------------
     0 | D:1      | dorian the Felid Transmuter began the quest for the Orb.
     0 | D:1      | Reached XP level 1. HP: 9/9 MP: 4/4
   257 | D:1      | Reached XP level 2. HP: 12/12 MP: 4/6
   396 | D:1      | Reached skill level 4 in Unarmed Combat
   473 | D:1      | Found a faded altar of an unknown god.
   776 | D:1      | Reached XP level 3. HP: 13/15 MP: 5/7
   989 | D:1      | Identified a scroll of acquirement
   989 | D:1      | Acquired the amulet of the Magpie {Acrobat Dex+2}
  2317 | D:3      | Reached XP level 4. HP: 9/19 MP: 6/8
  2598 | D:3      | Reached skill level 5 in Unarmed Combat
  2649 | D:3      | Learned a level 2 spell: Wereblood
  2740 | D:3      | Found a runed translucent door.
  2741 | D:3      | Noticed Crazy Yiuf
  2840 | D:3      | Found a basalt altar of Yredelemnul.
  2840 | D:3      | Noticed Jessica
  2851 | D:3      | Killed Jessica
  2971 | D:3      | Reached XP level 5. HP: 22/22 MP: 7/9
  3270 | D:3      | Killed Crazy Yiuf
  3271 | D:3      | Reached skill level 6 in Unarmed Combat
  3416 | D:4      | Noticed Grinder
  3772 | D:4      | Noticed a black bear
  4013 | D:4      | Gained mutation: You are covered in thick fur. (AC +2)
                  | [Felid growth]
  4013 | D:4      | Reached XP level 6. HP: 25/25 MP: 8/10
  4083 | D:5      | Entered Level 5 of the Dungeon
  4129 | D:4      | Reached skill level 7 in Unarmed Combat
  5106 | D:4      | HP: 1/25 [black bear (4)]
  5819 | D:5      | Noticed an acid dragon
  5825 | D:5      | Noticed an ice beast
  5826 | D:5      | Killed from afar by an orc priest
  5827 | D:5      | Reached XP level 5. HP: -5/22 MP: 8/9
  6267 | D:5      | Killed from afar by an acid dragon

Illustrated notes

Levels and vault maps discovered:
D:1:      evilmike_arrival_rings, layout_loops_ring,
          chequers_ecumenical_altar_island, minmay_cut_off
D:2:      kb_forest_paths, layout_basic
D:3:      layout_basic, mainiacjoe_overflow_tiny_flanked,
          uniq_crazy_yiuf_cottage, uniq_jessica
D:4:      layout_gridville, kennysheep_cross_room, item_on_display_a,
          uniq_grinder
D:5:      layout_basic, st_stairs_10, minmay_checkerbox

Skill      XL: |  1  2  3  4  5  6 |
---------------+-------------------+-----
Unarmed Combat | 4 5 6 7 |  7.6
Fighting       | |  1.0
Dodging        | |  2.6
Spellcasting   | |  2.0
Transmutations | |  2.1

Action                   |  1- 3 |  4- 6 || total
-------------------------+-------+-------++-------
Melee: Unarmed           |    94 |   131 ||   225
       Headbutt          |    12 |    22 ||    34
       Bite              |     6 |    16 ||    22
       Punch             |     3 |     7 ||    10
 Cast: Beastly Appendage |    30 |    32 ||    62
       Wereblood         |       |     4 ||     4
  Use: Scroll            |     5 |     1 ||     6
       Potion            |     1 |     3 ||     4
 Stab: Sleeping          |     3 |     1 ||     4
Armor: Skin              |     3 |     7 ||    10
Dodge: Dodged            |    62 |   104 ||   166
